 Dungeon Crawl Stone Soup version 0.30-a0-305-g026cb31310 (webtiles) character file.

Game seed: 15006214461775551389

7703 timneilson the Destroyer (level 11, -7/85 HPs)
             Began as a Red Draconian Conjurer on Oct 22, 2022.
             Was a Believer of Vehumet.
             Mangled by an ogre
             ... wielding a +0 giant club
             ... led by Lodul
              (17 damage)
             ... on level 10 of the Dungeon.
             The game lasted 00:48:04 (12799 turns).

timneilson the Destroyer (Red Draconian Conjurer)  Turns: 12799, Time: 00:48:05

Health: -7/85      AC: 10    Str: 14      XL:     11   Next: 0%
Magic:  21/21      EV: 14    Int: 27 (28) God:    Vehumet [**....]
Gold:   574        SH:  0    Dex: 10      Spells: 9/24 levels left

rFire   + + .      SeeInvis .    y - +10 mace "Trog's Fury" {pain, Drain rElec rF+ rN+ Str-2}
rCold   x . .      Faith    .    v - orb {*channel}
rNeg    + . .      Spirit   .    (body armour unavailable)
rPois   .          Reflect  .    (helmet restricted)
rElec   +          Harm     .    w - +0 cloak
rCorr   .          Rampage  .    p - +0 pair of gloves
Will    .....                    C - +0 pair of boots
Stlth   +++.......               (no amulet)
HPRegen 0.34/turn                o - +6 ring of intelligence
MPRegen 0.17/turn                D - +6 ring of strength

@: no status effects
A: breathe fire, AC +7, unfitting armour, fire resistance 1, cold-blooded, horns
1, cold vulnerability 1, inability to drink after injury 1
a: Breathe Fire, Renounce Religion


You were on level 10 of the Dungeon.
You worshipped Vehumet.
Vehumet was pleased with you.
You visited 2 branches of the dungeon, and saw 11 of its levels.
You also visited: Sewer.

You collected 574 gold pieces.

Inventory:

Hand Weapons
 e - a +0 rapier of venom
 m - a +0 short sword of speed
 y - the +10 mace "Trog's Fury" (weapon) {pain, Drain rElec rF+ rN+ Str-2}
   (You found it on level 6 of the Dungeon)

   In the hands of one skilled in necromantic magic, it inflicts extra damage on
   living creatures.
   Str:       It affects your strength (-2).
   rF:        It protects you from fire.
   rElec:     It insulates you from electricity.
   rN:        It protects you from negative energy.
   Drain:     It drains your maximum health when unequipped.
Armour
 p - a +0 pair of gloves (worn)
 v - an orb of energy (worn)
 w - a +0 cloak (worn)
 x - a +0 buckler
 C - a +0 pair of boots (worn)
Magical Staves
 d - a staff of death
Jewellery
 o - a +6 ring of intelligence (left hand)
 D - a +6 ring of strength (right hand)
Wands
 b - a wand of digging (4)
 r - a wand of iceblast (8)
 z - a wand of charming (2)
 A - a wand of light (8)
Scrolls
 c - a scroll of enchant armour
 f - 5 scrolls of immolation
 n - 2 scrolls of butterflies
 B - 2 scrolls of teleportation
Potions
 a - 2 potions of magic
 g - 3 potions of lignification
 h - 9 potions of attraction
 i - 2 potions of brilliance
 j - a potion of invisibility
 k - 3 potions of heal wounds
 l - 2 potions of haste
 q - a potion of berserk rage {unknown}
 s - 3 potions of might
 t - 2 potions of cancellation
 u - a potion of resistance {unknown}
 F - a potion of curing


   Skills:
 + Level 4.4 Fighting
 * Level 6.9 Dodging
 + Level 5.3 Stealth
 + Level 3.1 Shields
 * Level 7.0 Spellcasting
 * Level 8.3 Conjurations
 + Level 2.3 Necromancy
 + Level 2.8 Translocations
 + Level 1.6 Ice Magic
 + Level 4.9 Air Magic
 + Level 4.9 Evocations


You had 9 spell levels left.
You knew the following spells:

 Your Spells              Type           Power      Damage    Failure   Level
a - Magic Dart            Conj           100%       1d8       1%          1
b - Searing Ray           Conj           100%       2d8       1%          2
c - Static Discharge      Conj/Air       90%        2-6/arc   1%          2
d - Iskenderun's Mystic   Conj/Tloc      39%        2d9       6%          4
e - Arcjolt               Conj/Air       22%        1d32      11%         5
f - Freeze                Ice            72%        1d8       3%          1

Your spell library contained the following spells:

 Spells                   Type           Power      Damage    Failure   Level
 Sandblast                Erth           18%        2d7       6%          1
 Kiss of Death            Conj/Necr      100%       2d13      1%          1
 Momentum Strike          Conj/Tloc      78%        3d10      1%          2
 Blink                    Tloc           48%        N/A       2%          2
 Cigotuvi's Dreadful Rot  Necr/Pois/Air  44%        N/A       3%          2
 Dazzling Flash           Conj/Hex       64%        N/A       3%          3
 Vhi's Electric Charge    Tloc/Air       60%        N/A       3%          3
 Lesser Beckoning         Tloc           48%        N/A       5%          3
 Ensorcelled Hibernation  Hex/Ice        26%        N/A       6%          2
 Frozen Ramparts          Ice            36%        1d6       9%          3
 Fulminant Prism          Conj/Hex       16%        3d11      11%         4
 Lightning Bolt           Conj/Air       22%        1d38      11%         5
 Confusing Touch          Hex            9%         N/A       17%         3
 Spider Form              Tmut/Pois      9%         N/A       17%         3
 Dispel Undead            Necr           21%        3d11      22%         4
 Anguish                  Hex/Necr       7%         N/A       36%         4
 Ice Form                 Ice/Tmut       13%        N/A       38%         4
 Summon Ice Beast         Ice/Summ       13%        N/A       38%         4
 Death Channel            Necr           10%        N/A       98%         6


Dungeon Overview and Level Annotations

Branches:
Dungeon (10/15)            Temple (1/1) D:7            Lair (0/5) D:9
  Sewer (visited)
    Orc: D:9-12

Altars:
Ashenzari
Cheibriados
Dithmenos
Elyvilon
Fedhas
Gozag
Kikubaaqudgha
Makhleb
Nemelex Xobeh
Okawaru
Ru
Sif Muna
Trog
Vehumet
Wu Jian
Xom
Yredelemnul
Zin
The Shining One

Shops:
D:6 *   D:8 *=

Annotations:
D:8 3 runed translucent doors, exclusion: orange crystal statue, Hubris850's ghost, novice GnCA
D:10 Lodul


Innate Abilities, Weirdness & Mutations

You can breathe blasts of fire.
Your fiery red scales are hard. (AC +7)
You cannot fit into any form of body armour.
Your flesh is heat resistant. (rF+)
You are cold-blooded and may be slowed by cold attacks.
You have a pair of small horns on your head.
You are vulnerable to cold. (rC-)
You occasionally lose the ability to drink potions when taking damage.


Message History

The troll bites you. The troll misses you. The troll closely misses you.
The troll bites you!
You feel threatened and lose the ability to drink potions!
The troll claws you but does no damage. The troll claws you.
You sock the troll! Your headbutt misses the troll.
Your tail-slap misses the troll.
The troll is severely wounded.
The troll bites you. The troll claws you but does no damage.
The troll misses you.
You hit the troll.
The troll writhes in agony.
You headbutt the troll.
The troll is almost dead.
The troll barely misses you. x2; The troll claws you!
* * * LOW HITPOINT WARNING * * *
You closely miss the troll. You tail-slap the troll.
The troll is almost dead.
The troll bites you.
* * * LOW HITPOINT WARNING * * *
The troll misses you. x2; The troll bites you.
* * * LOW HITPOINT WARNING * * *
The troll closely misses you. The troll claws you!
* * * LOW HITPOINT WARNING * * *
You cannot drink potions in your current state!
You sock the troll!
You kill the troll!
Vehumet accepts your kill.
You feel your power returning.
Your Spellcasting skill increases to level 7!
You have reached level 11!
An ogre comes into view. It is wielding a +0 giant spiked club.
The ogre shouts!
You hear a shout! x5
You see here 16 gold pieces.
You now have 574 gold pieces (gained 16).
You can drink potions again.
The ogre attacks as you move away! The ogre barely misses you.
The ogre attacks as you move away! The ogre misses you.
You see here a +0 giant club.
An ogre comes into view. It is wielding a +0 giant club.
The ogre barely misses you. The ogre attacks as you move away!
The ogre hits you with a +0 giant club!
You die...

...
........###.....
.#.
###...###...###..
##
...###.........## #
###...###...###.. .
....>...†###..... #
.###...###...###..
....###.........#
..###..O###...###.#
##......@..###.....
#.###...###.#......
#...###)....# ....
#....#......# ...
#...(O#.....# ...
#.#....#......# .
##...#.....## #
#.###.#.###.# # ..#
.###. ..#


You could see an ogre.

Vanquished Creatures
  A two-headed ogre (D:6)
  Maggie (D:6)
  2 kobold demonologists (D:10)
  3 trolls
  Grinder (D:5)
  Prince Ribbit (D:5)
  Sigmund (D:6)
  9 yaks
  Eustachio (D:5)
  A steam dragon (D:5)
  Menkaure (D:5)
  An acid dragon (D:8)
  3 wargs (D:9)
  2 orc warriors (D:5)
  2 sky beasts (D:8)
  3 ogres
  A centaur (D:9)
  6 kobold brigands
  A bullfrog (D:6)
  2 gnoll sergeants
  A scorpion (D:4)
  5 wights
  2 gnoll boudas
  5 orc priests
  A hound (D:5)
  5 iguanas
  21 orc wizards
  15 gnolls
  11 adders
  2 river rats (Sewer)
  2 white imps
  An ufetubus (D:6)
  3 worms (Sewer)
  A dart slug (D:5)
  44 orcs
  7 endoplasms
  3 giant cockroaches
  6 hobgoblins
  5 jackals
  4 quokkas
  11 ball pythons
  5 bats
  5 frilled lizards
  4 goblins
  24 kobolds
  8 rats
244 creatures vanquished.

Notes
Turn   | Place    | Note
-------+----------+-------------------------------------------
     0 | D:1      | timneilson the Draconian Conjurer began the quest for the
                  | Orb.
     0 | D:1      | Reached XP level 1. HP: 14/14 MP: 3/3
   978 | D:2      | Reached XP level 2. HP: 20/20 MP: 1/5
   981 | D:2      | Learned a level 2 spell: Searing Ray
   984 | D:2      | Learned a level 2 spell: Static Discharge
  1258 | D:2      | Reached XP level 3. HP: 26/26 MP: 2/6
  1929 | D:3      | Found a glowing drain.
  1965 | Sewer    | Entered a sewer
  2222 | Sewer    | Noticed a kobold brigand
  2288 | Sewer    | Killed a kobold brigand
  2289 | Sewer    | Reached XP level 4. HP: 33/33 MP: 1/8
  2426 | Sewer    | Reached skill level 1 in Evocations
  2426 | Sewer    | Reached XP level 5. HP: 38/38 MP: 4/9
  2622 | Sewer    | Reached skill level 1 in Air Magic
  3142 | Sewer    | Reached skill level 5 in Conjurations
  3142 | Sewer    | Reached XP level 6. HP: 23/45 MP: 1/11
  3858 | D:4      | Found a bloodstained altar of Trog.
  3928 | D:4      | Identified the +1 robe of Tisoin {Fly rN+ rCorr}
  4298 | D:4      | Your scales start taking on a fiery red colour.
  4298 | D:4      | Reached XP level 7. HP: 50/50 MP: 5/12
  4298 | D:4      | Gained mutation: Your flesh is heat resistant. (rF+) [Red
                  | Draconian growth]
  4929 | D:5      | Entered Level 5 of the Dungeon
  5157 | D:5      | Noticed Grinder
  5167 | D:5      | Killed Grinder
  5168 | D:5      | Reached skill level 1 in Fighting
  5462 | D:5      | Noticed Prince Ribbit
  5471 | D:5      | Killed Prince Ribbit
  5472 | D:5      | Reached XP level 8. HP: 44/59 MP: 7/14
  5622 | D:5      | Found a white marble altar of Elyvilon.
  5638 | D:5      | Reached skill level 6 in Conjurations
  5654 | D:5      | Noticed Menkaure
  5666 | D:5      | Killed Menkaure
  5999 | D:5      | Reached skill level 5 in Spellcasting
  6620 | D:6      | Noticed Eustachio
  6645 | D:5      | Killed Eustachio
  6646 | D:5      | Reached skill level 5 in Dodging
  6893 | D:6      | Reached XP level 9. HP: 68/68 MP: 7/16
  6903 | D:6      | Identified the +10 mace "Trog's Fury" {pain, Drain rElec
                  | rF+ rN+ Str-2}
  7001 | D:6      | Noticed a two-headed ogre
  7141 | D:6      | Noticed Sigmund
  7146 | D:6      | Killed Sigmund
  7334 | D:5      | Learned a level 4 spell: Iskenderun's Mystic Blast
  7527 | D:6      | Found Hahofih's Assorted Antiques.
  7563 | D:6      | Reached skill level 7 in Conjurations
  7836 | D:6      | Noticed Maggie
  7853 | D:6      | Killed Maggie
  7854 | D:6      | Reached skill level 1 in Shields
  8064 | D:6      | Killed a two-headed ogre
  8065 | D:6      | Reached skill level 1 in Translocations
  9083 | D:7      | Found a staircase to the Ecumenical Temple.
  9089 | Temple   | Entered the Ecumenical Temple
  9107 | Temple   | Became a worshipper of Vehumet
  9786 | D:8      | Found a runed translucent door.
  9790 | D:8      | Noticed an orange crystal statue
  9797 | D:8      | Found the +10 tower shield of Ignorance {rN+ Int-4}
  9816 | D:8      | Found a runed translucent door.
  9828 | D:8      | Reached XP level 10. HP: 61/77 MP: 7/19
 10134 | D:8      | Learned a level 5 spell: Arcjolt
 10180 | D:8      | Found a runed translucent door.
 10180 | D:8      | Noticed Hubris850's ghost (novice GnCA)
 10223 | D:8      | Reached * piety under Vehumet
 10223 | D:8      | Offered knowledge of Freeze by Vehumet.
 10227 | D:8      | Learned a level 1 spell: Freeze
 10335 | D:8      | Found Ducoreur's Jewellery Shoppe.
 10366 | D:8      | Reached skill level 1 in Necromancy
 10474 | D:8      | Found Amyk Puj's Assorted Antiques.
 10581 | D:8      | Found a burning altar of Makhleb.
 10588 | D:8      | Found a sacrificial altar of Ru.
 10589 | D:8      | Found a snail-covered altar of Cheibriados.
 10617 | D:8      | Found a sparkling altar of Nemelex Xobeh.
 10618 | D:8      | Found a glowing golden altar of the Shining One.
 11177 | D:9      | Found a staircase to the Lair.
 11712 | D:9      | Reached skill level 5 in Stealth
 11814 | D:9      | Reached skill level 8 in Conjurations
 11814 | D:9      | Reached skill level 1 in Ice Magic
 12320 | D:10     | Entered Level 10 of the Dungeon
 12335 | D:10     | Gained mutation: You occasionally lose the ability to drink
                  | potions when taking damage. [a neqoxec]
 12336 | D:10     | Gained mutation: You have a pair of small horns on your
                  | head. [a neqoxec]
 12337 | D:10     | Gained mutation: You are vulnerable to cold. (rC-) [a
                  | neqoxec]
 12342 | D:10     | Reached ** piety under Vehumet
 12342 | D:10     | Offered knowledge of Sandblast by Vehumet.
 12344 | D:10     | Noticed a sixfirhy
 12351 | D:10     | Noticed Lodul
 12791 | D:10     | Reached XP level 11. HP: 7/85 MP: 21/21
 12799 | D:10     | Mangled by an ogre

Illustrated notes

Levels and vault maps discovered:
D:1:      roderic_chinese_lattice_arrival, layout_loops_corners,
          chequers_mini_garden
D:2:      layout_loops_ring
D:3:      layout_rooms, cheibrodos_sewer_entry_sluice
D:4:      layout_gridville, bloody_trog, dk_rats_in_the_wall
D:5:      layout_loops_corners, mainiacjoe_overflow_six_doors_small,
          hangedman_decor_peaks_small, uniq_grinder, uniq_prince_ribbit1,
          uniq_menkaure
D:6:      layout_cave_pods, serial_shops, shop, hangedman_abyss_or_decor_stabs,
          minmay_holes, uniq_maggie, uniq_sigmund, uniq_eustachio
D:7:      layout_basic, minmay_temple_entry_statues_pillars
D:8:      layout_layer_cave, nicolae_overflow_hidden_temple, serial_shops,
          kennysheep_mini, shop, ebering_ghost_reflecting_pool,
          chequers_guarded_unrand_ignorance
D:9:      layout_irregular_city, erik_lair_orcish_takeover
D:10:     nicolae_BIG_FREAKIN_CUBE, layout_cave_pools,
          mainiacjoe_overflow_alcove_4, lemuel_coloured_pillars_altar,
          nicolae_hepliaklqana_hazy_memory, serial_column_ruins,
          column_ruins_grid_1, column_ruins_open_large, column_ruins_grid_1,
          column_ruins_columns_dead_end, column_ruins_columns_straight,
          uniq_lodul
Temple:   chequers_temple_sunken

Skill      XL: |  1  2  3  4  5  6  7  8  9 10 |
---------------+-------------------------------+-----
Dodging        | 2 3 4 5 6 |  6.9
Stealth        | 2 3 4 5 |  5.3
Spellcasting   | 3 4 5 6 7 |  7.0
Evocations     | 1 2 3 4 |  4.9
Air Magic      | 1 2 3 4 |  4.9
Conjurations   | 5 6 7 8 |  8.3
Fighting       | 1 2 3 4 |  4.4
Shields        | 2 3 |  3.1
Translocations | 1 2 |  2.8
Necromancy     | 2 |  2.3
Ice Magic      | 1 |  1.6

Action                   |  1- 3 |  4- 6 |  7- 9 | 10-12 || total
-------------------------+-------+-------+-------+-------++-------
Melee: Unarmed           |    20 |       |       |       ||    20
       Short sword       |       |    41 |    33 |       ||    74
       Tailslap          |       |     6 |     6 |     7 ||    19
       Mace              |       |       |    24 |    34 ||    58
       Headbutt          |       |       |       |     2 ||     2
 Cast: Magic Dart        |    45 |    45 |    42 |     9 ||   141
       Searing Ray       |     9 |    25 |    58 |    34 ||   126
       Static Discharge  |       |       |     9 |     9 ||    18
       Iskenderun's Myst |       |       |    10 |     5 ||    15
       Arcjolt           |       |       |       |     1 ||     1
 Abil: Breathe Fire      |       |       |     2 |     2 ||     4
  Use: Scroll            |     9 |     2 |     4 |     5 ||    20
       Potion            |       |     3 |     4 |       ||     7
 Stab: Sleeping          |       |       |       |     1 ||     1
Armor: Skin              |    14 |    19 |    42 |    49 ||   124
Dodge: Dodged            |    27 |    41 |    80 |    96 ||   244

Table legend: (Time is in decaauts)
 A = Elapsed time spent in this place.
 B = Non-inter-level travel time spent in this place.
 C = Inter-level travel time spent in this place.
 D = Time resting spent in this place.
 E = Time spent auto-exploring this place.
 F = Levels seen in this place.
 G = Mean time per level.
                   A        B        C        D        E       F      G
               +--------+--------+--------+--------+--------+-----+--------+
         Total |  13038 |  12721 |    317 |   2279 |   7648 |  12 | 1086.5 |
       Dungeon |  11289 |  10976 |    313 |   2175 |   6456 |  10 | 1128.9 |
        Temple |    201 |    197 |      4 |      0 |    166 |   1 |  201.0 |
         Sewer |   1548 |   1548 |      0 |    104 |   1025 |   1 | 1548.0 |
               +--------+--------+--------+--------+--------+-----+--------+

Top non-repeatable levels by time:
     D:5: 2157 daAuts
     D:6: 1576 daAuts
   Sewer: 1548 daAuts
     D:8: 1443 daAuts
     D:9: 1261 daAuts
     D:4: 1082 daAuts
     D:2: 1033 daAuts
     D:7: 943 daAuts
     D:1: 842 daAuts
     D:3: 591 daAuts
    D:10: 358 daAuts
  Temple: 201 daAuts
